 Dungeon Crawl Stone Soup version 0.26-a0-451-gacbe401039 (webtiles) character file.

Game seed: 13013828953896731485

32554 DeltaSign the Severer (level 13, 0/119 HPs)
             Began as a Minotaur Berserker on July 28, 2020.
             Was the Champion of Trog.
             Killed from afar by a steam dragon (17 damage)
             ... with a ball of steam
             ... on level 4 of the Lair of Beasts.
             The game lasted 00:33:19 (14868 turns).

DeltaSign the Severer (Minotaur Berserker)         Turns: 14868, Time: 00:33:19

Health: 0/119      AC: 25    Str: 23    XL:     13   Next: 32%
Magic:  12/12      EV:  9    Int:  4    God:    Trog [******]
Gold:   1049       SH: 21    Dex: 14    Spells: 12/12 levels left

rFire    . . .     SeeInvis .   b - +5 broad axe (flame)
rCold    + . .     Faith    .   R - +0 tower shield
rNeg     . . .     Spirit   .   Q - +2 plate armour {rC+}
rPois    .         Reflect  +   (helmet restricted)
rElec    .         Harm     .   E - +0 cloak
rCorr    +                      i - +1 pair of gloves
MR       .....                  (no boots)
Stlth    ..........             F - amulet of reflection
HPRegen  0.29/turn              h - +4 ring of protection
MPRegen  0.13/turn              N - ring of resist corrosion

@: about to teleport, berserk cooldown, slowed, studying Throwing, very slow
A: retaliatory headbutt, horns 2
a: Berserk, Trog's Hand, Brothers in Arms, Renounce Religion


You were on level 4 of the Lair of Beasts.
You worshipped Trog.
Trog was exalted by your worship.
You visited 2 branches of the dungeon, and saw 15 of its levels.

You collected 1049 gold pieces.

Inventory:

Hand Weapons
 b - a +5 broad axe of flaming (weapon)
Armour
 i - a +1 pair of gloves (worn)
 E - a +0 cloak (worn)
 Q - a +2 plate armour of cold resistance (worn)
 R - a +0 tower shield (worn)
Jewellery
 h - a +4 ring of protection (left hand)
 F - an amulet of reflection (around neck)
 J - an uncursed ring of flight
 N - a ring of resist corrosion (right hand)
Wands
 k - a wand of clouds (5)
 p - a wand of disintegration (23)
 q - a wand of iceblast (22)
 s - a wand of paralysis (18)
 t - a wand of digging (4)
 A - a wand of flame (15)
 B - a wand of enslavement (17)
 C - a wand of random effects (6)
 O - a wand of acid (11)
Scrolls
 f - 10 scrolls of remove curse
 j - 5 scrolls of enchant weapon
 l - 4 scrolls of teleportation
 n - 2 scrolls of brand weapon
 x - 2 scrolls of blinking
 y - 2 scrolls of immolation
 D - a scroll of random uselessness {unknown}
 G - 2 scrolls of magic mapping
 H - 3 scrolls of enchant armour {unknown}
 M - a scroll of holy word {unknown}
 P - a scroll of vulnerability {unknown}
Potions
 a - 2 potions of might {unknown}
 c - 3 potions of flight
 d - 2 potions of degeneration {unknown}
 e - a potion of resistance {unknown}
 g - 2 potions of berserk rage {unknown}
 m - 4 potions of haste
 o - 3 potions of brilliance {unknown}
 r - 5 potions of curing {unknown}
 u - 3 potions of cancellation {unknown}
 v - 2 potions of heal wounds {unknown}
 w - 2 potions of lignification {unknown}
 z - a potion of stabbing {unknown}
 I - 2 potions of invisibility {unknown}
Books
 K - a manual of Throwing


   Skills:
 + Level 12.3 Fighting
 * Level 16.2 Axes
 + Level 12.0 Armour
 + Level 11.1 Dodging
 * Level 6.6 Shields


You had 12 spell levels left.
You didn't know any spells.
Your spell library was empty.

Dungeon Overview and Level Annotations

Branches:
Dungeon (11/15)            Temple (0/1) D:4            Lair (4/6) D:11
  Swamp (0/4) Lair:3          Orc (0/2) D:9
  Snake: Lair:2-4    Spider: Lair:2-4

Altars:
Ashenzari
Dithmenos
Gozag
Hepliaklqana
Kikubaaqudgha
Nemelex Xobeh
Okawaru
Qazlal
Sif Muna
Xom
Zin

Shops:
D:5 =

Annotations:
Lair:4 exclusion: oklob plant


Innate Abilities, Weirdness & Mutations

You reflexively headbutt those who attack you in melee.
You have a pair of horns on your head.


Message History

You slash the fire dragon! You burn the fire dragon.
Your headbutt misses the fire dragon.
The fire dragon is severely wounded.
You slash the steam dragon! You burn the steam dragon.
You block the steam dragon's attack. x2; The fire dragon closely misses you.
The fire dragon claws you but does no damage.
You block the fire dragon's attack.
You slash the fire dragon! You burn the fire dragon.
The fire dragon is almost dead.
You barely miss the steam dragon.
You are engulfed in a cloud of scalding steam.
* * * LOW HITPOINT WARNING * * *
You block the steam dragon's attack.
The steam dragon claws you but does no damage.
The fire dragon bites you but does no damage.
You block the fire dragon's attack.
The fire dragon tramples you but does no damage.
The steam dragon breathes steam at you. The ball of steam hits you!
You die...

†## .# ## ...### ..###
##..#.. #..≈...≈.## .#.P#
#......##≈.......≈.# ...P#
..#...#..$.......... ...##
#..#.#.........8....
...####.#...#.?.. .......
........##.##..####..§....
....†......#...D..§§......
......##...[.(.D@###......
....######.#.###†# .....
....# #....#..# .#.# .....
#.P.###.# # # ..... ...#.#
P.. ..... .#.#... ... ....
. .. ......## ..# ###
.....## #.≈ P..


You could see a fire dragon (catching breath) and a steam dragon (catching
breath).

Vanquished Creatures
  A dire elephant (Lair:3)
  Josephine (D:11)
  2 hydras
  5 death yaks (Lair:4)
  A lindwurm (Lair:3)
  4 oklob plants (Lair:3)
  2 cyclopes (D:11)
  3 ugly things
  2 manticores (D:10)
  4 elephants
  Maurice (D:9)
  3 black mambas
  Psyche (D:9)
  A torpor snail (Lair:2)
  2 gargoyles
  2 cane toads (Lair:3)
  6 komodo dragons
  2 rime drakes
  2 trolls (D:10)
  Prince Ribbit (D:7)
  5 hippogriffs
  Sigmund (D:2)
  5 wraiths
  A wyvern (Lair:3)
  A water elemental (D:11)
  24 yaks
  9 steam dragons (Lair:4)
  Menkaure (D:6)
  10 water moccasins
  5 porcupines
  6 orc warriors
  An ice beast (D:6)
  A necrophage (D:8)
  2 sky beasts
  5 wolves
  6 ogres
  3 phantoms
  4 centaurs
  3 crocodiles
  A big kobold (D:10)
  7 bullfrogs
  3 scorpions
  4 killer bees (D:10)
  2 troll zombies (D:9)
  16 wights
  4 howler monkeys
  2 electric eels
  A bullfrog zombie (D:10)
  4 centaur zombies
  5 jellies
  6 hounds
  6 orc wizards
  5 orc priests
  3 bullfrog skeletons
  3 iguanas
  Natasha (thrice) (D:2)
  8 worker ants
  6 ogre zombies (D:9)
  2 hound zombies
  2 hound skeletons
  A worker ant zombie (D:5)
  9 gnolls
  10 adders
  5 shadow imps
  3 white imps
  4 ufetubi
  An ooze (D:1)
  4 adder skeletons
  A worm (D:4)
  3 dart slugs (D:1)
  5 leopard geckos
  41 orcs
  3 ball pythons
  3 bats
  6 giant cockroaches
  5 goblins
  10 hobgoblins
  10 jackals
  4 quokkas
  6 frilled lizards
  2 goblin skeletons (D:9)
  3 goblin zombies (D:9)
  A hobgoblin zombie (D:9)
  14 kobolds
  A leopard gecko skeleton (D:5)
  A leopard gecko zombie (D:6)
  6 orc skeletons (D:9)
  13 orc zombies (D:9)
  A quokka skeleton (D:5)
  9 rats
  5 plants
422 creatures vanquished.

Vanquished Creatures (others)
  A centaur (D:11)
  3 fungi
  5 plants
  9 toadstools (Lair:3)
18 creatures vanquished.

Grand Total: 440 creatures vanquished

Notes
Turn   | Place    | Note
-------+----------+-------------------------------------------
     0 | D:1      | DeltaSign the Minotaur Berserker began the quest for the
                  | Orb.
     0 | D:1      | Reached XP level 1. HP: 19/19 MP: 0/0
   261 | D:1      | Reached skill level 4 in Axes
   261 | D:1      | Reached XP level 2. HP: 23/27 MP: 1/1
   643 | D:1      | Reached XP level 3. HP: 29/33 MP: 2/2
   697 | D:1      | Reached ** piety under Trog
  1234 | D:2      | Noticed Sigmund
  1245 | D:2      | Killed Sigmund
  1245 | D:2      | Reached skill level 5 in Axes
  1245 | D:2      | Reached XP level 4. HP: 41/41 MP: 3/3
  1245 | D:2      | Reached XP level 5. HP: 47/47 MP: 4/4
  1355 | D:2      | Noticed Natasha
  1362 | D:2      | Killed Natasha
  1491 | D:2      | Reached XP level 6. HP: 54/55 MP: 5/5
  1593 | D:2      | Found an opulent altar of Gozag.
  1648 | D:2      | Reached skill level 6 in Axes
  1707 | D:2      | Noticed Natasha
  1714 | D:2      | Killed Natasha
  1714 | D:2      | Reached skill level 5 in Fighting
  1836 | D:2      | Found a glowing silver altar of Zin.
  2117 | D:2      | Noticed Natasha
  2124 | D:2      | Killed Natasha
  3070 | D:4      | Found a staircase to the Ecumenical Temple.
  3168 | D:4      | Reached *** piety under Trog
  3224 | D:4      | Reached XP level 7. HP: 61/61 MP: 6/6
  3512 | D:4      | Found a stormy altar of Qazlal.
  3611 | D:5      | Entered Level 5 of the Dungeon
  3632 | D:5      | Reached skill level 7 in Axes
  4007 | D:5      | Found a hazy altar of Hepliaklqana.
  4041 | D:5      | Found a shadowy altar of Dithmenos.
  4063 | D:5      | Reached skill level 5 in Armour
  4316 | D:5      | Found Icucear's Jewellery Boutique.
  4516 | D:6      | Reached skill level 5 in Dodging
  4516 | D:6      | Reached XP level 8. HP: 41/70 MP: 7/7
  4718 | D:6      | Reached skill level 8 in Axes
  4722 | D:6      | Reached **** piety under Trog
  4999 | D:6      | You fall into a shaft and drop 2 floors!
  5122 | D:8      | Found a shimmering blue altar of Sif Muna.
  5207 | D:8      | Found a sparkling altar of Nemelex Xobeh.
  5354 | D:7      | Noticed Prince Ribbit
  5362 | D:7      | Killed Prince Ribbit
  5362 | D:7      | Reached skill level 9 in Axes
  5577 | D:7      | Noticed a gargoyle
  5583 | D:6      | Noticed Menkaure
  5585 | D:6      | Killed Menkaure
  5585 | D:6      | Reached XP level 9. HP: 79/79 MP: 8/8
  5799 | D:6      | Found a shimmering altar of Xom.
  5801 | D:6      | Found a glowing silver altar of Zin.
  5801 | D:6      | Found a shattered altar of Ashenzari.
  5803 | D:6      | Found an ancient bone altar of Kikubaaqudgha.
  5803 | D:6      | Found an iron altar of Okawaru.
  5803 | D:6      | Found an iron altar of Okawaru.
  6002 | D:7      | Killed a gargoyle
  6002 | D:7      | Reached skill level 10 in Axes
  6309 | D:7      | Reached ***** piety under Trog
  6548 | D:7      | Found an iron altar of Okawaru.
  6822 | D:8      | Reached skill level 11 in Axes
  7257 | D:9      | Reached XP level 10. HP: 78/90 MP: 9/9
  7339 | D:9      | Found a staircase to the Orcish Mines.
  7362 | D:9      | Noticed Psyche
  7367 | D:9      | Killed Psyche
  7371 | D:9      | Received a gift from Trog
  8004 | D:9      | Noticed Maurice
  8014 | D:9      | Killed Maurice
  8014 | D:9      | Reached skill level 12 in Axes
  8317 | D:10     | Entered Level 10 of the Dungeon
  8453 | D:10     | Noticed a manticore
  8461 | D:10     | Killed a manticore
  9167 | D:11     | Noticed a green ugly thing
  9167 | D:11     | Noticed a manticore
  9176 | D:10     | Killed a green ugly thing
  9210 | D:10     | Reached XP level 11. HP: 99/99 MP: 10/10
  9216 | D:10     | Reached skill level 13 in Axes
  9329 | D:10     | Reached skill level 10 in Fighting
  9601 | D:10     | Reached ****** piety under Trog
  9678 | D:11     | Noticed Josephine
  9814 | D:11     | Reached skill level 10 in Armour
  9878 | D:11     | Killed Josephine
  9878 | D:11     | Reached skill level 14 in Axes
 10252 | D:11     | Found a shadowy altar of Dithmenos.
 10280 | D:11     | Noticed a brown ugly thing
 10282 | D:11     | Noticed a green ugly thing
 10287 | D:11     | Killed a brown ugly thing
 10300 | D:11     | Killed a green ugly thing
 10567 | D:11     | Found a staircase to the Lair.
 11093 | Lair:1   | Entered Level 1 of the Lair of Beasts
 11189 | Lair:1   | Received a gift from Trog
 11252 | Lair:1   | Noticed an eight-headed hydra
 11259 | Lair:1   | Reached XP level 12. HP: 51/110 MP: 11/11
 11260 | Lair:1   | Killed a seven-headed hydra
 11260 | Lair:1   | Reached skill level 10 in Dodging
 12261 | Lair:2   | Reached skill level 15 in Axes
 12607 | Lair:2   | Reached skill level 1 in Shields
 12941 | Lair:3   | Found a staircase to the Swamp.
 13081 | Lair:3   | Noticed a six-headed hydra
 13087 | Lair:3   | Killed a three-headed hydra
 13897 | Lair:3   | Found a runed translucent door.
 13899 | Lair:3   | Noticed a dire elephant
 14108 | Lair:3   | Killed a dire elephant
 14599 | Lair:4   | Reached skill level 5 in Shields
 14699 | Lair:4   | Reached XP level 13. HP: 118/118 MP: 12/12
 14735 | Lair:4   | Reached skill level 16 in Axes
 14847 | Lair:4   | Received a gift from Trog
 14863 | Lair:4   | Noticed a fire dragon
 14868 | Lair:4   | Killed from afar by a steam dragon

Illustrated notes

Levels and vault maps discovered:
D:1:      saegor_arrival_miasma, layout_rooms, minmay_heptomino_h4
D:2:      layout_basic, lemuel_coloured_pillars_altar, old_standard_altar,
          minmay_door_square, kennysheep_minor_cross, uniq_natasha, uniq_sigmund
D:3:      layout_basic
D:4:      layout_basic, nicolae_qazlal_eye_of_the_storm,
          minmay_temple_entry_grid
D:5:      layout_loops_ring, lemuel_crystal_altar, lemuel_doored_altar,
          serial_shops, nicolae_shop_waterfront
D:6:      layout_gridville, minmay_misc_feat_diagonals, st_stairs_1,
          doesnt_xom_only_xom, uniq_menkaure
D:7:      layout_gridville, kennysheep_okawaru_gauntlet, uniq_prince_ribbit1
D:8:      layout_loops_ring, nicolae_overflow_crystal_walls, led_sif_pool,
          kennysheep_generic_room_11
D:9:      layout_stronghold, zombieorc2_lemuel, uniq_psyche, uniq_maurice
D:10:     layout_irregular_city
D:11:     layout_cave_pools, erik_lair_island, minmay_misc_feat_roman,
          nicolae_dithmenos_the_darkroom, uniq_josephine
Lair:1:   layout_chaotic_city
Lair:2:   layout_big_grid, grunt_megastairs_3
Lair:3:   gammafunk_lair_enchanted_lake, layout_cave_pods, swamp_mist,
          minmay_lair_oklob_chamber
Lair:4:   layout_loops_ring, guppyfry_snake_entry_island, basic_altar,
          bobbens_dragon_lair_wall

Skill      XL: |  1  2  3  4  5  6  7  8  9 10 11 12 13 |
---------------+----------------------------------------+-----
Axes           | 4 5 6 7 9 11 12 14 15 16 | 16.2
Fighting       | 4 5 6 7 8 9 11 12 | 12.3
Armour         | 3 4 5 6 8 9 10 11 12 | 12.0
Dodging        | 3 4 5 6 7 8 9 10 11 | 11.1
Shields        | 5 6 |  6.6

Action                   |  1- 3 |  4- 6 |  7- 9 | 10-12 | 13-15 || total
-------------------------+-------+-------+-------+-------+-------++-------
Melee: Hand axe          |    66 |       |       |       |       ||    66
       Headbutt          |    14 |    10 |    65 |   105 |    17 ||   211
       War axe           |     8 |    77 |   137 |       |       ||   222
       Battleaxe         |       |       |   142 |   254 |       ||   396
       Executioner's axe |       |       |       |    55 |       ||    55
       Broad axe         |       |       |       |    96 |    63 ||   159
Invok: Berserk           |     2 |     1 |     2 |     5 |     1 ||    11
Evoke: Wand              |       |       |     1 |       |       ||     1
  Use: Scroll            |       |       |     6 |     5 |     1 ||    12
 Stab: Distracted        |       |       |       |       |     1 ||     1
Armor: Animal skin       |     3 |       |       |       |       ||     3
       Ring mail         |    22 |    17 |       |       |       ||    39
       Plate armour      |       |    24 |   172 |   339 |    32 ||   567
Dodge: Dodged            |    35 |    45 |   138 |   283 |    16 ||   517
Block: Other             |       |       |       |    90 |       ||    90
       Reflection        |       |       |       |     6 |       ||     6
       Tower shield      |       |       |       |    76 |    58 ||   134

Table legend: (Time is in decaauts)
 A = Elapsed time spent in this place.
 B = Non-inter-level travel time spent in this place.
 C = Inter-level travel time spent in this place.
 D = Time resting spent in this place.
 E = Time spent auto-exploring this place.
 F = Levels seen in this place.
 G = Mean time per level.
                   A        B        C        D        E       F      G
               +--------+--------+--------+--------+--------+-----+--------+
         Total |  15174 |  14722 |    452 |   4025 |   8598 |  15 | 1011.6 |
       Dungeon |  11279 |  10989 |    290 |   3111 |   6297 |  11 | 1025.4 |
          Lair |   3894 |   3733 |    161 |    914 |   2301 |   4 |  973.5 |
               +--------+--------+--------+--------+--------+-----+--------+

Top non-repeatable levels by time:
  Lair:3: 1830 daAuts
    D:10: 1816 daAuts
     D:2: 1315 daAuts
     D:5: 1233 daAuts
     D:9: 1129 daAuts
    D:11: 1000 daAuts
     D:8: 964 daAuts
  Lair:1: 938 daAuts
     D:1: 895 daAuts
     D:7: 882 daAuts
     D:3: 867 daAuts
  Lair:2: 854 daAuts
     D:6: 591 daAuts
     D:4: 580 daAuts
  Lair:4: 271 daAuts
